 Dungeon Crawl Stone Soup version 0.29-a0-414-g5075937ec3 (webtiles) character file.

Game seed: 3716316964048684690

9 bande the Blocker (level 2, 7/20 HPs)
             Began as a Gnoll Wanderer on May 15, 2022.
             Quit the game on level 1 of the Dungeon.
             The game lasted 00:01:36 (407 turns).

bande the Blocker (Gnoll Wanderer)                   Turns: 407, Time: 00:01:36

Health: 7/20       AC:  3    Str:  9    XL:     2   Next: 12%
Magic:  5/5        EV: 12    Int: 10    God:
Gold:   6          SH:  8    Dex: 14    Spells: 6/6 levels left

rFire   . . .      SeeInvis .   a - +0 hunting sling
rCold   . . .      Faith    .   b - +2 buckler
rNeg    . . .      Spirit   .   e - +0 robe
rPois   .          Reflect  .   (no helmet)
rElec   .          Harm     .   (no cloak)
rCorr   .          Rampage  .   (no gloves)
Will    .....                   c - +0 pair of boots
Stlth   +.........              (no amulet)
HPRegen 0.06/turn               (no ring)
MPRegen 0.09/turn               (no ring)

@: no status effects
A: fangs 1, strong nose, distributed training
a: no special abilities


You were on level 1 of the Dungeon.
You visited 1 branch of the dungeon, and saw 1 of its levels.

You collected 6 gold pieces.

Inventory:

Hand Weapons
 a - a +0 hunting sling (weapon)
Armour
 b - a +2 buckler (worn)
 c - a +0 pair of boots (worn)
 e - a +0 robe (worn)
Potions
 d - a potion of brilliance
 f - a potion of resistance {unknown}
 g - a potion of degeneration {unknown}


   Skills:
 + Level 0.3 Fighting
 + Level 0.3 Short Blades
 + Level 0.3 Long Blades
 + Level 0.3 Axes
 + Level 0.3 Maces & Flails
 + Level 0.3 Polearms
 + Level 0.3 Staves
 + Level 2.4 Slings
 + Level 0.3 Bows
 + Level 0.3 Crossbows
 + Level 0.3 Throwing
 + Level 4.4 Armour
 + Level 2.4 Dodging
 + Level 0.3 Stealth
 + Level 8.4 Shields
 + Level 0.3 Unarmed Combat
 + Level 2.7 Spellcasting
 + Level 0.2 Conjurations
 + Level 0.2 Hexes
 + Level 0.2 Summonings
 + Level 0.2 Necromancy
 + Level 0.2 Translocations
 + Level 0.2 Transmutations
 + Level 0.2 Fire Magic
 + Level 0.2 Ice Magic
 + Level 0.2 Air Magic
 + Level 0.2 Earth Magic
 + Level 0.2 Poison Magic
 + Level 0.4 Invocations
 + Level 2.4 Evocations


You had 6 spell levels left.
You didn't know any spells.
Your spell library was empty.

Dungeon Overview and Level Annotations

Branches:
Dungeon (1/15)

Altars:

Annotations:
D:1 1 runed translucent door


Innate Abilities, Weirdness & Mutations

You have very sharp teeth.
Your uncanny sense of smell can sniff out nearby items.
Your experience applies equally to all skills.


Message History

Press: ? - help, Q - select action Shift-Dir - straight line, f/p - jackal
Aim: a jackal (heavily wounded, 47% to hit)
You shoot a sling bullet. The sling bullet hits the jackal.
You kill the jackal!
The jackal closely misses you.
The jackal bites you but does no damage.
You have reached level 2!
Fire: a) +0 hunting sling
Press: ? - help, Q - select action Shift-Dir - straight line, f - jackal
Aim: a jackal (47% to hit)
You shoot a sling bullet. The sling bullet hits the jackal.
The jackal is severely wounded.
The jackal misses you. x2
Fire: a) +0 hunting sling
Press: ? - help, Q - select action Shift-Dir - straight line, f/p - jackal
Aim: a jackal (severely wounded, 47% to hit)
You shoot a sling bullet. The sling bullet hits the jackal.
You kill the jackal!
Fire: a) +0 hunting sling
Press: ? - help, Q - select action Shift-Dir - straight line, f - you Really target yourself? [Y]es or [N]o only, please.
Really target yourself? [Y]es or [N]o only, please.
Really target yourself? [Y]es or [N]o only, please.
Really target yourself? [Y]es or [N]o only, please.
Really target yourself? [Y]es or [N]o only, please.
Really target yourself?
Okay, then.
Fire: a) +0 hunting sling
Press: ? - help, Q - select action Shift-Dir - straight line, f - you Really target yourself? [Y]es or [N]o only, please.
Really target yourself?
Okay, then.
Unknown command.
Are you sure you want to abandon this character and quit the game? (Confirm with "yes".)

........................
......
........................
......
..............##........
......
...........###..........
......
...........###†.........
......
#####...###.............
...... #...#
#............. ......
#+### #............[
...... ######@.......
...... #........ ...##.
#........... ......
#........... ......
#........... ......
............. ......
......#....... ...##
....... #...... #.
......# ...... #.


There were no monsters in sight!

Vanquished Creatures
  An endoplasm (D:1)
  3 jackals (D:1)
  A quokka (D:1)
  2 frilled lizards (D:1)
  A kobold (D:1)
8 creatures vanquished.

Notes
Turn   | Place    | Note
-------+----------+-------------------------------------------
     0 | D:1      | bande the Gnoll Wanderer began the quest for the Orb.
     0 | D:1      | bande set off with the following items: a +0 hunting sling,
                  | a +2 buckler, a +0 pair of boots, a potion of brilliance, a
                  | +0 robe
     0 | D:1      | Reached XP level 1. HP: 13/13 MP: 4/4
     2 | D:1      | Found a runed translucent door.
   405 | D:1      | Reached XP level 2. HP: 7/19 MP: 5/5
   407 | D:1      | Quit the game

Illustrated notes

Levels and vault maps discovered:
D:1:      dpeg_arrival_caged_fury, layout_basic, ebering_ecumenical_altar_mist,
          roderic_lattice_a

Action                   || total
-------------------------++-------
 Fire: Hunting sling     ||    51
Armor: Robe              ||    14
Dodge: Dodged            ||    32
Block: Buckler           ||    17

Table legend: (Time is in decaauts)
 A = Elapsed time spent in this place.
 B = Non-inter-level travel time spent in this place.
 C = Inter-level travel time spent in this place.
 D = Time resting spent in this place.
 E = Time spent auto-exploring this place.
 F = Levels seen in this place.
 G = Mean time per level.
                   A        B        C        D        E       F      G
               +--------+--------+--------+--------+--------+-----+--------+
         Total |    428 |    428 |      0 |      0 |    342 |   1 |  428.0 |
       Dungeon |    428 |    428 |      0 |      0 |    342 |   1 |  428.0 |
               +--------+--------+--------+--------+--------+-----+--------+

Top non-repeatable levels by time:
     D:1: 428 daAuts
